 Dungeon Crawl Stone Soup version 0.29.0-4-gdea44cf6ec (webtiles) character file.

Game seed: 11843928108567792606

1653 qw the Cleaver (level 8, 0/70 HPs)
             Began as a Minotaur Berserker on Sept 6, 2022.
             Was a Priest of Trog.
             Slain by a gnoll
             ... wielding a +0 halberd
              (9 damage)
             ... on level 6 of the Dungeon.
             The game lasted 00:01:42 (5121 turns).

qw the Cleaver (Minotaur Berserker)                 Turns: 5121, Time: 00:01:42

Health: 0/70       AC: 14    Str: 25    XL:     8   Next: 68%
Magic:  7/7        EV:  8    Int:  4    God:    Trog [***...]
Gold:   434        SH:  5    Dex:  9    Spells: 7/7 levels left

rFire   . . .      SeeInvis .   Y - +0 broad axe
rCold   + . .      Faith    .   (no shield)
rNeg    . . .      Spirit   .   c - +2 chain mail {Will+}
rPois   +          Reflect  +   (helmet restricted)
rElec   .          Harm     .   (no cloak)
rCorr   .          Rampage  .   (no gloves)
Will    +....                   m - +2 pair of boots
Stlth   ..........              q - amulet of reflection
HPRegen 0.21/turn               a - ring of poison resistance
MPRegen 0.10/turn               b - ring of protection from cold

@: on berserk cooldown, slowed, very slow
A: horns 2, retaliatory headbutt
a: Renounce Religion, Berserk, Trog's Hand


You were on level 6 of the Dungeon.
You worshipped Trog.
Trog was most pleased with you.
You visited 1 branch of the dungeon, and saw 6 of its levels.

You collected 434 gold pieces.


Innate Abilities, Weirdness & Mutations

You have a pair of horns on your head.
You reflexively headbutt those who attack you in melee.


   Skills:
 - Level 6.1 Fighting
 + Level 11.7 Axes
 - Level 2.4 Throwing
 - Level 4.3 Armour
 - Level 2.1 Dodging


You had 7 spell levels left.
You didn't know any spells.
Your spell library was empty.

Inventory:

Hand Weapons
 l - a +2 vorpal flail
 Y - a +0 broad axe (weapon)
Armour
 c - a +2 chain mail of willpower (worn)
 m - a +2 pair of boots (worn)
Jewellery
 a - a ring of poison resistance (left hand)
 b - a ring of protection from cold (right hand)
 f - a ring of ice
 j - a ring of poison resistance
 q - an amulet of reflection (around neck)
Scrolls
 h - a scroll of teleportation
 o - a scroll of identify
Potions
 d - a potion of brilliance {unknown}
 e - a potion of cancellation {unknown}
 g - 4 potions of curing
 i - a potion of heal wounds
 k - a potion of resistance {unknown}
 p - a potion of might
 t - a potion of attraction {unknown}

Dungeon Overview and Level Annotations

Branches:
Dungeon (6/15)
 Temple: D:4-7

Altars:
Okawaru
Trog
The Shining One

Annotations:
D:5 1 runed translucent door, Crazy Yiuf


Message History

The gnoll hits you but does no damage.
A gnoll comes into view. It is wielding a +0 halberd.
The gnoll barely misses you.
The gnoll drinks a potion.
The gnoll seems to grow stronger.
You hit the gnoll. You headbutt the gnoll.
The gnoll is heavily wounded.
You hit the gnoll sergeant. You closely miss the gnoll.
You block the gnoll's attack.
The gnoll sergeant hits you with a +0 spear.
The gnoll barely misses you. The gnoll hits you but does no damage.
The gnoll hits you with a +0 club.
The gnoll sergeant hits you but does no damage.
You hit the gnoll but do no damage. You headbutt the gnoll.
The gnoll is severely wounded.
You closely miss the gnoll. You slash the gnoll! You slash the gnoll sergeant!
The gnoll hits you with a +0 flail. The gnoll barely misses you.
The gnoll sergeant hits you with a +0 spear.
The gnoll hits you but does no damage.
The gnoll hits you from afar with a +0 halberd.
You hit the gnoll.
The gnoll is almost dead.
You barely miss the gnoll sergeant. You closely miss the gnoll.
You slash the gnoll! x2
You kill the gnoll!
Trog accepts your kill. The gnoll hits you with a +0 flail.
The gnoll hits you but does no damage. You block the gnoll sergeant's attack.
The gnoll closely misses you. You block the gnoll's attack.
The gnoll sergeant hits you but does no damage.
The gnoll hits you but does no damage. The gnoll hits you with a +0 flail!
The gnoll misses you. The gnoll hits you with a +0 whip.
You barely miss the gnoll.
The gnoll is almost dead.
You closely miss the gnoll sergeant. You hit the gnoll. x2
You kill the gnoll!
Trog accepts your kill. The gnoll hits you with a +0 flail!
You block the gnoll's attack.
The gnoll sergeant hits you but does no damage.
The gnoll hits you from afar with a +0 halberd!
You die...

#.>.......(##.....>#
#.........#.....##.###
#.........#...........
#..........#........#
####.#...#........#..#
#+###+##........#
#....g##... #...).)#.#
##g@)...(#
._..'.gg.?......
....##..?.##..... ~~~
#....# ##.## .. #.#..#
.# ..##.. # ..# ##. ##
#.


You could see a gnoll sergeant and 3 gnolls.

Vanquished Creatures
  Sigmund (D:2)
  Eustachio (D:4)
  A steam dragon (D:6)
  Menkaure (D:4)
  Edmund (D:4)
  An ogre (D:5)
  A necrophage (D:5)
  A scorpion (D:4)
  3 killer bees
  A howler monkey (D:5)
  5 hounds
  2 orc priests (D:5)
  Terence (D:2)
  5 orc wizards
  7 adders
  8 gnolls
  A white imp (D:5)
  4 dart slugs
  19 orcs
  10 ball pythons
  7 bats
  7 endoplasms
  7 giant cockroaches
  7 goblins
  6 hobgoblins
  2 kobolds (D:1)
  7 quokkas
  6 frilled lizards
  5 rats
128 creatures vanquished.

Vanquished Creatures (others)
  A wizard (D:4)
1 creature vanquished.

Grand Total: 129 creatures vanquished

Notes
Turn   | Place    | Note
-------+----------+-------------------------------------------
     0 | D:1      | qw the Minotaur Berserker began the quest for the Orb.
     0 | D:1      | Reached XP level 1. HP: 19/19 MP: 0/0
     0 | D:1      | 0 ||| qw: Version: 0.1-a-108-g9e35731
     0 | D:1      | 0 ||| qw: Game counter: 6225
     0 | D:1      | 0 ||| qw: Always use a shield: true
     0 | D:1      | 0 ||| qw: Do Orc after D:15 true
     0 | D:1      | 0 ||| qw: Do second Lair branch before Depths: true
     0 | D:1      | 0 ||| qw: Lair rune preference: random
     0 | D:1      | 0 ||| qw: Plans: Normal
     0 | D:1      | 0 ||| PLANNING D:1-11
    31 | D:1      | 31 ||| Stepping ~*~*~tactically~*~*~ (stealth).
    39 | D:1      | Reached skill level 4 in Axes
   126 | D:1      | Reached XP level 2. HP: 26/26 MP: 1/1
   198 | D:1      | 198 ||| Stepping ~*~*~tactically~*~*~ (stealth).
   228 | D:1      | 228 ||| Stepping ~*~*~tactically~*~*~ (hiding).
   239 | D:1      | Reached skill level 5 in Axes
   260 | D:1      | Reached XP level 3. HP: 25/31 MP: 2/2
   260 | D:1      | Reached ** piety under Trog
   273 | D:1      | 273 ||| INVOKING Berserk.
   302 | D:1      | 302 ||| Stepping ~*~*~tactically~*~*~ (stealth).
   555 | D:1      | Found a faded altar of an unknown god.
   569 | D:1      | 569 ||| Stepping ~*~*~tactically~*~*~ (stealth).
   736 | D:1      | 736 ||| UPGRADING to +2 pair of boots.
   741 | D:1      | 741 ||| UPGRADING to amulet of reflection.
   746 | D:1      | 746 ||| READING scroll labelled WYMU ALUKLEULL.
   749 | D:1      | 749 ||| READING scroll labelled REOGAE NYDYFFA.
   750 | D:1      | 750 ||| READING scroll labelled ARILUBROSA.
   851 | D:1      | 851 ||| READING scroll labelled JUIRAPS MUASON.
   852 | D:1      | 852 ||| READING scroll labelled ICEEKON PAMP.
   853 | D:1      | 853 ||| READING scroll labelled QES EMUSUOLENE.
   985 | D:1      | 985 ||| READING 2 scrolls labelled HOESMU VESE.
   986 | D:1      | 986 ||| DRINKING 2 smoky purple potions.
   987 | D:1      | 987 ||| DRINKING 2 silvery potions.
   988 | D:1      | 988 ||| DRINKING 2 pink potions.
   989 | D:1      | 989 ||| DROPPING potion of degeneration.
   990 | D:1      | 990 ||| DROPPING scroll of fear.
  1004 | D:2      | 1004 ||| STAIRDANCE
  1054 | D:2      | Noticed Terence
  1055 | D:2      | 1055 ||| INVOKING Berserk.
  1058 | D:2      | Killed Terence
  1059 | D:2      | Reached skill level 6 in Axes
  1059 | D:2      | Reached XP level 4. HP: 39/39 MP: 3/3
  1099 | D:2      | 1099 ||| FLEEEEING.
  1100 | D:2      | 1100 ||| FLEEEEING.
  1101 | D:2      | 1101 ||| FLEEEEING.
  1133 | D:2      | 1133 ||| SWAPPING to +0 broad axe.
  1136 | D:2      | 1136 ||| DROPPING +0 hand axe.
  1354 | D:2      | Found an iron altar of Okawaru.
  1427 | D:2      | Noticed Sigmund
  1428 | D:2      | 1428 ||| Stepping ~*~*~tactically~*~*~ (hiding).
  1434 | D:2      | 1434 ||| INVOKING Berserk.
  1440 | D:2      | Killed Sigmund
  1441 | D:2      | Reached skill level 8 in Axes
  1441 | D:2      | Reached XP level 5. HP: 45/45 MP: 4/4
  1567 | D:2      | 1567 ||| Stepping ~*~*~tactically~*~*~ (stealth).
  1645 | D:2      | 1645 ||| Stepping ~*~*~tactically~*~*~ (stealth).
  1649 | D:2      | 1649 ||| Stepping ~*~*~tactically~*~*~ (stealth).
  1765 | D:2      | Reached XP level 6. HP: 52/52 MP: 5/5
  1786 | D:2      | 1786 ||| UPGRADING to +0 ring mail.
  1796 | D:2      | 1796 ||| DROPPING +0 animal skin.
  1797 | D:2      | 1797 ||| UPGRADING to +0 scale mail.
  1807 | D:2      | 1807 ||| DROPPING +0 ring mail.
  1808 | D:2      | 1808 ||| DROPPING amulet of faith.
  1809 | D:2      | 1809 ||| DROPPING ring of flight.
  1810 | D:2      | 1810 ||| DRINKING 2 bubbling pink potions.
  1915 | D:2      | 1915 ||| DROPPING potion of berserk rage.
  1971 | D:3      | 1971 ||| Stepping ~*~*~tactically~*~*~ (stealth).
  2043 | D:3      | 2043 ||| INVOKING Berserk.
  2200 | D:3      | 2200 ||| Stepping ~*~*~tactically~*~*~ (hiding).
  2204 | D:3      | 2204 ||| INVOKING Berserk.
  2245 | D:3      | 2245 ||| Stepping ~*~*~tactically~*~*~ (stealth).
  2340 | D:3      | 2340 ||| DROPPING +0 club.
  2384 | D:3      | 2384 ||| Stepping ~*~*~tactically~*~*~ (stealth).
  2388 | D:3      | 2388 ||| Stepping ~*~*~tactically~*~*~ (stealth).
  2393 | D:3      | 2393 ||| Stepping ~*~*~tactically~*~*~ (stealth).
  2394 | D:3      | 2394 ||| Stepping ~*~*~tactically~*~*~ (stealth).
  2425 | D:3      | 2425 ||| Stepping ~*~*~tactically~*~*~ (stealth).
  2774 | D:3      | 2774 ||| UPGRADING to ring of poison resistance.
  2804 | D:4      | Noticed Eustachio
  2810 | D:4      | 2810 ||| INVOKING Berserk.
  2814 | D:4      | Killed Eustachio
  2815 | D:4      | Reached skill level 9 in Axes
  2815 | D:4      | Reached XP level 7. HP: 59/59 MP: 6/6
  2954 | D:4      | 2954 ||| Stepping ~*~*~tactically~*~*~ (stealth).
  2955 | D:4      | 2955 ||| Stepping ~*~*~tactically~*~*~ (stealth).
  3043 | D:4      | 3043 ||| Stepping ~*~*~tactically~*~*~ (hiding).
  3045 | D:4      | 3045 ||| Stepping ~*~*~tactically~*~*~ (hiding).
  3333 | D:4      | Noticed Menkaure
  3334 | D:4      | 3334 ||| Stepping ~*~*~tactically~*~*~ (hiding).
  3337 | D:4      | 3337 ||| INVOKING Berserk.
  3343 | D:4      | Killed Menkaure
  3344 | D:4      | Reached skill level 10 in Axes
  3522 | D:4      | Found a bloodstained altar of Trog.
  3523 | D:4      | Noticed a wizard
  3528 | D:4      | Killed a wizard
  3590 | D:4      | Noticed Edmund
  3594 | D:4      | 3594 ||| INVOKING Berserk.
  3598 | D:4      | Killed Edmund
  3599 | D:4      | 3599 ||| STAIRDANCE
  3727 | D:3      | 3727 ||| UPGRADING to +0 chain mail.
  3737 | D:3      | 3737 ||| DROPPING +0 scale mail.
  3738 | D:3      | 3738 ||| READING scroll labelled QOQIS FO BAF.
  3743 | D:4      | 3743 ||| DROPPING +0 flail.
  3891 | D:4      | 3891 ||| UPGRADING to +2 chain mail of willpower.
  3901 | D:4      | 3901 ||| DROPPING +0 chain mail.
  3902 | D:4      | 3902 ||| DRINKING 2 fuming grey potions.
  3903 | D:4      | 3903 ||| DROPPING potion of invisibility.
  3923 | D:5      | Entered Level 5 of the Dungeon
  3930 | D:5      | Reached skill level 3 in Armour
  3933 | D:5      | 3933 ||| STAIRDANCE
  3937 | D:4      | Reached XP level 8. HP: 59/70 MP: 7/7
  4022 | D:5      | Reached skill level 6 in Fighting
  4024 | D:5      | 4024 ||| Stepping ~*~*~tactically~*~*~ (hiding).
  4028 | D:5      | 4028 ||| Stepping ~*~*~tactically~*~*~ (stealth).
  4032 | D:5      | 4032 ||| INVOKING Berserk.
  4073 | D:5      | 4073 ||| FLEEEEING.
  4074 | D:5      | 4074 ||| FLEEEEING.
  4075 | D:5      | 4075 ||| FLEEEEING.
  4076 | D:5      | 4076 ||| FLEEEEING.
  4077 | D:5      | 4077 ||| FLEEEEING.
  4078 | D:5      | 4078 ||| FLEEEEING.
  4082 | D:5      | 4082 ||| STAIRDANCE
  4102 | D:5      | 4102 ||| Stepping ~*~*~tactically~*~*~ (stealth).
  4114 | D:5      | 4114 ||| Stepping ~*~*~tactically~*~*~ (stealth).
  4117 | D:5      | 4117 ||| Stepping ~*~*~tactically~*~*~ (hiding).
  4168 | D:5      | 4168 ||| Stepping ~*~*~tactically~*~*~ (stealth).
  4309 | D:5      | 4309 ||| Stepping ~*~*~tactically~*~*~ (stealth).
  4311 | D:5      | 4311 ||| Stepping ~*~*~tactically~*~*~ (stealth).
  4315 | D:5      | 4315 ||| Stepping ~*~*~tactically~*~*~ (stealth).
  4320 | D:5      | Reached skill level 11 in Axes
  4371 | D:5      | Reached *** piety under Trog
  4387 | D:5      | 4387 ||| INVOKING Berserk.
  4549 | D:5      | Found a runed translucent door.
  4550 | D:5      | Noticed Crazy Yiuf
  4610 | D:5      | 4610 ||| Stepping ~*~*~tactically~*~*~ (stealth).
  4754 | D:5      | 4754 ||| UPGRADING to ring of protection from cold.
  4755 | D:5      | 4755 ||| READING scroll labelled KUVUOSEPAW.
  4810 | D:6      | 4810 ||| FLEEEEING.
  4812 | D:6      | 4812 ||| FLEEEEING.
  4813 | D:6      | 4813 ||| FLEEEEING.
  4814 | D:6      | 4814 ||| FLEEEEING.
  4815 | D:6      | 4815 ||| FLEEEEING.
  4816 | D:6      | 4816 ||| FLEEEEING.
  4817 | D:6      | 4817 ||| FLEEEEING.
  4818 | D:6      | 4818 ||| FLEEEEING.
  4819 | D:6      | 4819 ||| FLEEEEING.
  4820 | D:6      | 4820 ||| STAIRDANCE
  4953 | D:5      | 4953 ||| DRINKING 2 smoky coppery potions.
  4954 | D:5      | 4954 ||| DROPPING potion of magic.
  4975 | D:6      | 4975 ||| STAIRDANCE
  5106 | D:6      | 5106 ||| INVOKING Berserk.
  5116 | D:6      | Found a glowing golden altar of the Shining One.
  5121 | D:6      | HP: 9/70 [gnoll/+0 flail[a gnoll sergeant] (12)]
  5121 | D:6      | Slain by a gnoll

Levels and vault maps discovered:
D:1:      saegor_arrival_simple_d, layout_rooms, shapermc_ecumenical_altar_venn,
          minmay_pentomino_u4
D:2:      layout_basic, basic_altar, grunt_ministairs_11,
          amcnicky_mini_corridor_feature, minmay_misc_feat_five, kennysheep_nub,
          hangedman_abyss_or_decor_lesser_grid, uniq_sigmund, uniq_terence
D:3:      layout_loops_ring
D:4:      layout_basic, trog_wizard, uniq_menkaure, uniq_edmund, uniq_eustachio
D:5:      layout_gridville, uniq_crazy_yiuf_cottage
D:6:      layout_rooms, mainiacjoe_overflow_six_doors_small, minmay_starry_boxes

Skill      XL: |  1  2  3  4  5  6  7  8 |
---------------+-------------------------+-----
Axes           | 4 5 6 8 9 10 11 | 11.7
Fighting       | 4 5 6 |  6.1
Throwing       | 2 |  2.4
Armour         | 3 4 |  4.3
Dodging        | |  2.1

Action                   |  1- 3 |  4- 6 |  7- 9 || total
-------------------------+-------+-------+-------++-------
Melee: Hand axe          |    54 |     5 |       ||    59
       Headbutt          |     8 |     7 |    16 ||    31
       Broad axe         |       |    55 |   106 ||   161
       Punch             |       |       |     1 ||     1
Throw: Boomerang         |    35 |    35 |    36 ||   106
Invok: Berserk           |     2 |     4 |     5 ||    11
  Use: Scroll            |     7 |       |     2 ||     9
       Potion            |     3 |     1 |     2 ||     6
 Stab: Invisible         |       |       |     1 ||     1
Armor: Animal skin       |     9 |     3 |       ||    12
       Scale mail        |       |    14 |     7 ||    21
       Chain mail        |       |       |    43 ||    43
Dodge: Dodged            |    38 |    22 |    50 ||   110
Block: Other             |     1 |    11 |    19 ||    31
       Reflection        |       |       |     1 ||     1

Table legend:
 A = Non-vault XP
 B = Vault XP
 C = Vault XP percentage of total XP
 D = Non-vault monster count
 E = Vault monster count
 F = Vault count percentage of total count
                 A         B        C        D         E       F
            +---------+---------+-------+---------+---------+-------
      Total |    1552 |     823 |  34.7 |     117 |      11 |   8.6
            +---------+---------+-------+---------+---------+-------
        D:1 |      69 |       8 |  10.4 |      36 |       4 |  10.0
        D:2 |      37 |     278 |  88.3 |      15 |       4 |  21.1
        D:3 |     137 |       0 |   0.0 |      17 |       0 |   0.0
        D:4 |     336 |     537 |  61.5 |      16 |       3 |  15.8
        D:5 |     651 |       0 |   0.0 |      24 |       0 |   0.0
        D:6 |     322 |       0 |   0.0 |       9 |       0 |   0.0
            +---------+---------+-------+---------+---------+-------
